 Dungeon Crawl Stone Soup version 0.21.1-1-g345015fe64 (webtiles) character file.

1145 Gargoyl the Chopper (level 8, -3/67 HPs)
             Began as a Centaur Abyssal Knight on June 5, 2018.
             Was a Priest of Lugonu.
             Shot with an arrow by a centaur (11 damage)
             ... on level 6 of the Dungeon.
             The game lasted 00:10:09 (5399 turns).

Gargoyl the Chopper (Centaur Abyssal Knight)        Turns: 5399, Time: 00:10:09

Health: -3/67      AC: 11    Str: 16    XL:     8   Next: 15%
Magic:  11/11      EV:  9    Int: 11    God:    Lugonu [***...]
Gold:   297        SH:  0    Dex: 10    Spells: 7/7 levels left

rFire    . . .     SeeInvis .   g - +1 broad axe (chop)
rCold    . . .     Gourm    .   (no shield)
rNeg     + . .     Faith    .   n - +2 ring mail {MR+}
rPois    .         Spirit   .   d - +0 helmet
rElec    .         Reflect  .   r - +0 cloak (curse)
rCorr    .         Harm     .   i - +0 pair of gloves
MR       +....                  (no barding)
Stlth    ..........             (no amulet)
HPRegen  0.21/turn              u - ring of positive energy
MPRegen  0.12/turn              (no ring)

@: very quick
A: large, hooves 3, deformed body, speed 2, tough skin 3
a: Depart the Abyss, Bend Space, Banish, Renounce Religion


You were on level 6 of the Dungeon.
You worshipped Lugonu.
Lugonu was most pleased with you.
You were very hungry.

You visited 1 branch of the dungeon, and saw 6 of its levels.
You visited the Abyss 1 time.

You collected 297 gold pieces.

Inventory:

Hand Weapons
 a - a +1 hand axe
 g - a +1 broad axe of chopping (weapon)
 q - a +0 war axe
Missiles
 v - 8 tomahawks (quivered)
Armour
 d - a +0 helmet (worn)
 i - a +0 pair of gloves (worn)
 n - a +2 ring mail of magic resistance (worn)
 r - a cursed +0 cloak (worn)
Jewellery
 u - a ring of positive energy (left hand)
Wands
 f - a wand of flame (24)
Scrolls
 l - 3 scrolls of remove curse
 m - 4 scrolls of identify
 t - a scroll of blinking
 y - a scroll of enchant armour {unknown}
 z - a scroll of fog
Potions
 e - 2 potions of berserk rage
 h - a potion of resistance
 j - 2 potions of curing
 o - a potion of haste
 p - a potion of degeneration
 w - a potion of magic
Books
 b - a book of Misfortune

   Spells                             Type                      Level
   a - Confusing Touch                Hexes                        1
   b - Confuse                        Hexes                        3
   c - Gell's Gravitas                Translocation                3
   d - Petrify                        Transmutation/Earth          4
   e - Metabolic Englaciation         Hexes/Ice                    5
   f - Yara's Violent Unravelling     Hexes/Transmutation          5
 k - a book of Callings

   Spells                             Type                      Level
   a - Summon Small Mammal            Summoning                    1
   b - Call Imp                       Summoning                    2
   c - Call Canine Familiar           Summoning                    3
   d - Summon Guardian Golem          Hexes/Summoning              3
   e - Summon Lightning Spire         Summoning/Air                4
   f - Summon Ice Beast               Ice/Summoning                4
 s - a book of Cantrips

   Spells                             Type                      Level
   a - Confusing Touch                Hexes                        1
   b - Animate Skeleton               Necromancy                   1
   c - Summon Small Mammal            Summoning                    1
   d - Apportation                    Translocation                1
 x - a book of Geomancy

   Spells                             Type                      Level
   a - Sandblast                      Earth                        1
   b - Passwall                       Transmutation/Earth          2
   c - Stone Arrow                    Conjuration/Earth            3
   d - Petrify                        Transmutation/Earth          4
   e - Lee's Rapid Deconstruction     Earth                        5
Comestibles
 c - 13 rations


   Skills:
 + Level 4.5 Fighting
 + Level 4.9 Axes
 + Level 0.6 Throwing
 * Level 4.1 Armour
 + Level 2.0 Dodging
 * Level 4.7 Invocations
 + Level 1.2 Evocations


You had 7 spell levels left.
You didn't know any spells.

Dungeon Overview and Level Annotations

Branches:
Dungeon (6/15)             Temple (0/1) D:6

Altars:
Ashenzari
Cheibriados
Wu Jian

Annotations:
D:3 whodunnit's ghost, amateur DECj


Innate Abilities, Weirdness & Mutations

You have hooves in place of feet.
Armour fits poorly on your strangely shaped body.
You cover ground very quickly.
You have extremely tough skin. (AC +3)


Message History

* * * LOW HITPOINT WARNING * * *
The centaur shoots an arrow.
The arrow hits you.
* * * LOW HITPOINT WARNING * * *
You barely miss the orc warrior. Your kick misses the orc warrior.
The orc warrior is lightly wounded.
You closely miss the orc. You hit the orc wizard.
The orc wizard mumbles some strange words.
The orc wizard seems to speed up.
The orc barely misses you. The orc warrior misses you.
Unknown command.
Unknown command.
The centaur unwields an uncursed shortbow.
The centaur hits you.
* * * LOW HITPOINT WARNING * * *
The orc barely misses you.
The orc wizard looks satisfied for a moment.
The centaur hits you but does no damage.
The centaur wields an uncursed shortbow.
The centaur shoots an arrow.
The arrow hits you!
You die...

... #......# !....
#.<....####
.....####.........#
..)...............#
...........##.....#
...........# .....#
...........# ....#
...........# .....
.......@...##......
######........# .
#....$c8o8.8.#
#.###..oo.⌠(.#
#..8.o.8.#
##..⌠.⌠..#
...8.8.8...+
..........###
..............


You could see an orc warrior, a centaur, an orc wizard and 2 orcs.

Vanquished Creatures
  Eustachio (D:5)
  A sky beast (D:5)
  A phantom (D:5)
  2 ogres (D:5)
  A howler monkey (D:4)
  4 orc wizards
  4 orc priests
  A centaur skeleton (D:5)
  4 worker ants
  A worker ant zombie (D:5)
  7 gnolls
  7 adders
  2 oozes (D:1)
  An adder zombie (D:6)
  2 adder skeletons (D:4)
  5 worms
  10 dart slugs
  7 leopard geckos
  6 orcs
  2 giant cockroaches
  5 hobgoblins
  5 kobolds
  2 quokkas
  2 ball pythons (D:4)
  5 bats
  9 frilled lizards
  A giant cockroach zombie (D:5)
  4 goblins
  A leopard gecko zombie (D:6)
  7 rats
110 creatures vanquished.

Notes
Turn   | Place    | Note
-------+----------+-------------------------------------------
     0 | Abyss:1  | Gargoyl the Centaur Abyssal Knight began the quest for the Orb.
     0 | Abyss:1  | Reached XP level 1. HP: 19/19 MP: 2/2
    70 | Abyss:1  | Noticed a tormentor
    83 | D:1      | Escaped the Abyss
    93 | D:1      | Noticed a hound
    93 | D:1      | Noticed a polar bear
    93 | D:1      | Noticed an anaconda
   212 | D:1      | Noticed a worker ant
   212 | D:1      | Noticed a crocodile
   298 | D:1      | Reached XP level 2. HP: 26/26 MP: 3/3
   588 | D:1      | Reached * piety under Lugonu
  1063 | D:2      | Reached XP level 3. HP: 9/31 MP: 4/4
  1307 | D:2      | Reached XP level 4. HP: 39/40 MP: 5/5
  1326 | D:2      | Reached skill level 1 in Dodging
  1728 | D:2      | Found a snail-covered altar of Cheibriados.
  1981 | D:3      | Reached ** piety under Lugonu
  2003 | D:3      | Noticed whodunnit's ghost (amateur DECj)
  2266 | D:3      | Reached XP level 5. HP: 27/46 MP: 7/7
  3265 | D:4      | Reached XP level 6. HP: 52/52 MP: 8/8
  3529 | D:4      | Found an ornate altar of the Wu Jian Council.
  3732 | D:5      | Entered Level 5 of the Dungeon
  3814 | D:5      | Noticed a sky beast
  3831 | D:5      | Killed a sky beast
  4188 | D:5      | Reached XP level 7. HP: 33/59 MP: 9/9
  4800 | D:5      | Found a shattered altar of Ashenzari.
  4808 | D:5      | Noticed Eustachio
  4836 | D:5      | Killed Eustachio
  5010 | D:5      | Reached *** piety under Lugonu
  5011 | D:5      | Reached XP level 8. HP: 57/67 MP: 11/11
  5015 | D:5      | Reached skill level 1 in Evocations
  5381 | D:6      | Found a staircase to the Ecumenical Temple.
  5399 | D:6      | Shot with an arrow by a centaur

Skill      XL: |  1  2  3  4  5  6  7  8 |
---------------+-------------------------+-----
Axes           | 2 3 4 |  4.9
Armour         | 2 3 4 |  4.1
Dodging        | 1 2 |  2.0
Invocations    | 3 4 |  4.7
Fighting       | 4 |  4.5
Evocations     | 1 |  1.2
Throwing       | |  0.6

Action                   |  1- 3 |  4- 6 |  7- 9 || total
-------------------------+-------+-------+-------++-------
Melee: Hand axe          |    49 |   222 |    25 ||   296
       Kick              |    10 |    38 |    16 ||    64
       Broad axe         |       |       |    41 ||    41
Throw: Tomahawk          |       |     7 |     2 ||     9
Invok: Depart the Abyss  |     1 |       |       ||     1
Evoke: Wand              |       |     5 |     6 ||    11
  Use: Scroll            |     3 |     7 |       ||    10
       Potion            |     2 |    14 |       ||    16
  Eat: Ration            |       |     2 |       ||     2
       Chunk             |       |     2 |     2 ||     4
Armor: Leather armour    |    12 |       |       ||    12
       Ring mail         |    23 |   214 |    57 ||   294
       Skin              |       |     1 |       ||     1
Dodge: Dodged            |    33 |   143 |    57 ||   233
